 Dungeon Crawl Stone Soup version 0.17-a0-977-g4154171 (webtiles) character file.

2167 RobertPalmer the Martial Artist (level 9, 0/53 HPs)
             Began as an Octopode Transmuter on May 10, 2015.
             Was a Priest of Makhleb.
             Slain by a sky beast (6 damage)
             ... on level 7 of the Dungeon.
             The game lasted 00:13:52 (6895 turns).

RobertPalmer the Martial Artist (OpTm)              Turns: 6895, Time: 00:13:52

Health: 0/53       AC:  2    Str:  9    XL:     9   Next: 32%
Magic:  10/12      EV: 20    Int: 15    God:    Makhleb [***...]
Gold:   373        SH:  0    Dex: 21    Spells: 3 memorised, 6 levels left

rFire  . . .     SeeInvis .       - Unarmed
rCold  . . .     Clarity  .     (shield currently unavailable)
rNeg   . . .     SustAb   .     (helmet currently unavailable)
rPois  x         Gourm    .     (no amulet)
rElec  .         Spirit   .     (no ring)
rCorr  .         Warding  .     (no ring)
rMut   .         Stasis   .     (no ring)
MR     .....                    (no ring)
Stlth  ++........               (no ring)
                                (no ring)
                                (no ring)
                                (no ring)

@: spider-form (expiring), not resistant to hostile enchantments, unstealthy
A: almost no armour, amphibious, 8 rings, (constrict 8), (camouflage 0),
(gelatinous body 0)
a: End Transformation, Minor Destruction, Lesser Servant of Makhleb, Renounce
Religion


You were on level 7 of the Dungeon.
You worshipped Makhleb.
Makhleb was most pleased with you.
You were not hungry.
You were a venomous arachnid creature.
You visited 1 branch of the dungeon, and saw 7 of its levels.

You collected 373 gold pieces.

Inventory:

Missiles
 a - 103 arrows
 g - 12 poisoned needles
 k - 18 arrows of frost
Armour
 q - a +1 hat (melded)
   (You found it on level 3 of the Dungeon)
Magical staves
 s - an uncursed staff of earth {unknown}
   (You found it on level 7 of the Dungeon)
Magical devices
 v - a wand of fireball (0)
   (You found it on level 4 of the Dungeon)
 w - a wand of random effects (31)
   (You took it off a centaur on level 7 of the Dungeon)
 y - a wand of fire (0)
   (You took it off a gnoll on level 5 of the Dungeon)
 A - a wand of confusion (25)
   (You found it on level 7 of the Dungeon)
Scrolls
 d - 4 scrolls of random uselessness
 e - 9 scrolls of identify
 f - a scroll of enchant armour
 h - 3 scrolls of remove curse
 u - 2 scrolls of magic mapping {!r}
Potions
 i - a potion of poison {!q}
 l - a potion of berserk rage {!q}
 m - a potion of agility {unknown}
 n - a potion of flight
 o - 2 potions of lignification {!q}
 p - a potion of haste
 r - a potion of degeneration {unknown}
 t - a potion of brilliance {unknown}
 x - a potion of mutation {unknown}
Books
 b - a book of Changes
Comestibles
 c - 4 bread rations {@e1}
 j - 6 chunks of flesh {@w0}
 z - 3 meat rations {@e2}


   Skills:
 - Level 1.0 Fighting
 - Level 2.0 Dodging
 - Level 9.0 Unarmed Combat
 - Level 2.0 Spellcasting
 + Level 8.9 Transmutations


You had 6 spell levels left.
You knew the following spells:

 Your Spells              Type           Power        Failure   Level  Hunger
a - Beastly Appendage     Trmt           ####..       4%          1    #......
c - Spider Form           Trmt/Pois      ##........   32%         3    ###....
s - Sticks to Snakes      Trmt           ####......   4%          2    ###....


Dungeon Overview and Level Annotations

Branches:
Dungeon (7/15)             Temple (0/1) D:4

Altars:
Makhleb
Okawaru
Ru
Trog
Vehumet
Yredelemnul


Innate Abilities, Weirdness & Mutations

You cannot wear most types of armour.
You are amphibious.
You can wear up to eight rings at the same time.
((You can use your tentacles to constrict eight enemies at once.))
((Your skin changes colour to match your surroundings (Stealth).))
((Your rubbery body absorbs attacks (AC +1).))


Message History

The giant frog closely misses you.
You bite the giant frog!
You kill the giant frog!
Makhleb accepts your kill.
You feel a little better.
You regained 7 hp, and now have 49/53 hp.
Your transformation is almost over.
MP restored: 12 A centaur comes into view.
Your transformation has ended.
Your +1 hat unmelds from your body.
The centaur shouts!
The centaur wields a shortbow.
The centaur shoots an arrow.
The arrow closely misses you.
The centaur shoots an arrow.
The arrow hits you!
You see here an arrow.
The centaur shoots an arrow.
The arrow hits you!
You see here an arrow.
You take 15 damage, and have 36/53 hp.
MASSIVE DAMAGE!!
The centaur shoots an arrow.
The arrow hits you!
You see here an arrow.
You take 8 damage, and have 28/53 hp.
The centaur shoots an arrow.
The arrow barely misses you.
You see here an arrow.
You turn into a venomous arachnid creature.
Your +1 hat melds into your body.
You are feeling hungry.
You now have 9/12 mp.
Unknown command.
The centaur unwields an uncursed shortbow.
The centaur barely misses you.
You hit the centaur but do no damage.
The centaur is poisoned.
The centaur hits you!
You take 6 damage, and have 23/53 hp.
You hit the centaur.
The centaur looks even sicker.
The centaur closely misses you. The centaur misses you.
You hit the centaur. The centaur misses you.
You hit the centaur. The centaur closely misses you.
You hit the centaur.
You kill the centaur!
Makhleb accepts your kill.
a - 102 arrows (gained 11);
w - a wand of random effects You now have 373 gold pieces (gained 11).
Things that are here:
an uncursed shortbow; a centaur corpse You butcher the centaur corpse.
j - 11 chunks of flesh {@w0} (gained 6)
Things that are here:
an uncursed shortbow; a centaur skeleton Eating one of 11 chunks of flesh {@w0}.
Some of the chunks of flesh in your inventory have rotted away.
You continue eating. x2
Your transformation is almost over.
A kobold comes into view. It is wielding a dagger.
The kobold shouts!
The kobold moves out of view.
a - 103 arrows (gained 1)
You see here an arrow.
You see here an arrow.
The sky beast flickers out of sight!
Deactivating autopickup; reactivate with Ctrl-A.
Something closely misses you.
Some of the chunks of flesh in your inventory have rotted away.
You see here an arrow.
MP restored: 12 You completely miss the kobold.
The kobold hits you but does no damage.
Your transformation has ended.
Your +1 hat unmelds from your body.
A sky beast appears from thin air!
Reactivating autopickup.
You turn into a venomous arachnid creature.
Your +1 hat melds into your body.
The sky beast hits you. The sky beast shocks you.
You take 7 damage, and have 20/53 hp.
You now have 9/12 mp.
You hit the sky beast.
The sky beast is poisoned.
The sky beast barely misses you.
You barely miss the sky beast.
The sky beast flickers out of sight!
Deactivating autopickup; reactivate with Ctrl-A.
Something barely misses you.
You hit something. The kobold closely misses you. Something hits you.
Something shocks you.
* * * LOW HITPOINT WARNING * * *
You take 7 damage, and have 13/53 hp.
Unknown command.
Your transformation is almost over.
A sky beast appears from thin air!
Reactivating autopickup.
You hit the sky beast.
The sky beast looks even sicker.
The sky beast flickers out of sight!
Deactivating autopickup; reactivate with Ctrl-A.
Something hits you.
* * * LOW HITPOINT WARNING * * *
Something shocks you.
* * * LOW HITPOINT WARNING * * *
The kobold misses you.
You take 7 damage, and have 7/53 hp.
You bite something! Something hits you.
* * * LOW HITPOINT WARNING * * *
Something shocks you.
You die...

.#..###. #.###......#... ..
..#..... ##.#...#....... ...
..#...####.............# ....
.............>.####..#.#####.....
...##..................##........
.#.<...................)..###.(..
..###.................####((..#
...##..........#####..##..≈####
....##..........s{.......###
.......##########K........#
....##.# #.........# ....####
#.........# ...## #.........#
..## #####.##### ### ###


You could see a kobold.

Vanquished Creatures
  Eustachio (D:5)
  A hippogriff (D:7)
  2 sky beasts
  2 ice beasts
  4 ogres
  2 centaurs (D:7)
  A big kobold (D:5)
  2 giant frogs
  A scorpion (D:5)
  2 orc priests
  6 hounds
  A giant frog zombie (D:6)
  2 jellies
  Jessica (D:3)
  6 iguanas
  2 worker ants
  A killer bee zombie (D:4)
  A hound skeleton (D:3)
  A worker ant zombie (D:5)
  6 adders
  3 gnolls
  5 giant geckos
  7 orcs
  5 ball pythons
  7 giant cockroaches
  7 hobgoblins
  20 kobolds
  13 bats
  A giant newt (D:1)
  A giant spore (D:6)
  12 goblins
  A jackal skeleton (D:5)
  3 quokkas
  17 rats
  14 ballistomycetes (D:6)
161 creatures vanquished.

Vanquished Creatures (collateral kills)
  A worm (D:2)
  A giant spore (D:6)
2 creatures vanquished.

Vanquished Creatures (others)
  A giant spore (D:6)
1 creature vanquished.

Grand Total: 164 creatures vanquished

Notes
Turn   | Place    | Note
--------------------------------------------------------------
     0 | D:1      | RobertPalmer, the Octopode Transmuter, began the quest for the Orb.
     0 | D:1      | Reached XP level 1. HP: 13/13 MP: 3/3
   211 | D:1      | Reached XP level 2. HP: 15/18 MP: 3/5
   489 | D:1      | Reached skill level 3 in Transmutations
   685 | D:1      | Reached XP level 3. HP: 16/23 MP: 4/6
  1323 | D:2      | Reached skill level 4 in Transmutations
  1621 | D:2      | Reached XP level 4. HP: 19/28 MP: 5/7
  1678 | D:2      | Learned a level 3 spell: Spider Form
  1681 | D:2      | Learned a level 2 spell: Sticks to Snakes
  2341 | D:3      | Found a burning altar of Makhleb.
  2348 | D:3      | Reached skill level 5 in Transmutations
  2348 | D:3      | Reached XP level 5. HP: 29/33 MP: 6/8
  2357 | D:3      | Became a worshipper of Makhleb the Destroyer
  2517 | D:3      | Noticed Jessica
  2529 | D:3      | Killed Jessica
  3018 | D:3      | Acquired Makhleb's first power
  3042 | D:3      | Found a sacrificial altar of Ru.
  3546 | D:4      | Reached XP level 6. HP: 36/38 MP: 7/9
  3560 | D:4      | Reached skill level 4 in Unarmed Combat
  3589 | D:4      | Found a staircase to the Ecumenical Temple.
  3770 | D:4      | Noticed an ogre
  3781 | D:4      | Killed an ogre
  3781 | D:4      | Reached skill level 5 in Unarmed Combat
  3847 | D:4      | Reached XP level 7. HP: 43/43 MP: 7/10
  3891 | D:4      | Acquired Makhleb's second power
  4097 | D:5      | Entered Level 5 of the Dungeon
  4171 | D:5      | Found a radiant altar of Vehumet.
  4177 | D:5      | Reached skill level 6 in Unarmed Combat
  4335 | D:5      | Found a bloodstained altar of Trog.
  4336 | D:5      | Found an iron altar of Okawaru.
  4417 | D:5      | Noticed Eustachio
  4458 | D:5      | Killed Eustachio
  4458 | D:5      | Reached skill level 7 in Unarmed Combat
  4461 | D:5      | HP: 10/43 [ogre/giant spiked club (22)]
  4718 | D:6      | Found a basalt altar of Yredelemnul.
  4752 | D:6      | Reached XP level 8. HP: 48/48 MP: 7/11
  4756 | D:6      | Reached skill level 8 in Unarmed Combat
  5713 | D:6      | Reached skill level 9 in Unarmed Combat
  5734 | D:5      | Reached skill level 6 in Transmutations
  5862 | D:5      | Acquired Makhleb's third power
  6321 | D:7      | HP: 5/48 [centaur/arrow (12)]
  6329 | D:7      | HP: 18/72 [ice beast (10)]
  6334 | D:7      | Reached skill level 7 in Transmutations
  6338 | D:7      | Reached XP level 9. HP: 21/53 MP: 9/12
  6628 | D:7      | Reached skill level 8 in Transmutations
  6888 | D:7      | HP: 13/53 [something (6)]
  6894 | D:7      | HP: 13/53 [something (1)]
  6895 | D:7      | HP: 6/53 [something (1)]
  6895 | D:7      | Slain by a sky beast

Vault maps used:
D:1:      saegor_arrival_simple_e
D:2:      grunt_ministairs_10
D:3:      nicolae_ru_awakened_eye, makhleb_heckhound_becter, serial_glass,
          glass_columns_b, glass_columns_a, glass_columns_a, glass_columns_c,
          first_bread, uniq_jessica
D:4:      minmay_temple_entry_glass
D:5:      grunt_temple_overflow_bloody_war, vehumet_crystals,
          wad_floor_pattern_untrapped, uniq_eustachio
D:6:      yredelemnul_altar_generic, serial_curves, eino_curves_03,
          eino_curves_03
D:7:      kennysheep_generic_room_9

Action                   |  1- 3 |  4- 6 |  7- 9 || total
-------------------------+-------+-------+-------++-------
Melee: Unarmed           |    74 |   139 |   205 ||   418
 Cast: Beastly Appendage |    18 |    19 |     4 ||    41
       Sticks to Snakes  |       |     5 |     1 ||     6
       Spider Form       |       |     2 |    25 ||    27
 Abil: End Transformatio |       |       |     1 ||     1
Evoke: Wand              |       |       |     5 ||     5
  Use: Scroll            |       |       |     8 ||     8
       Potion            |       |       |     9 ||     9
 Stab: Sleeping          |     3 |    10 |     2 ||    15
  Eat: Chunk             |     2 |     8 |    10 ||    20
       Beef jerky        |       |       |     2 ||     2
       Pizza             |       |       |     1 ||     1

Vault maps used:
D:1:      saegor_arrival_simple_e
D:2:      grunt_ministairs_10
D:3:      nicolae_ru_awakened_eye, makhleb_heckhound_becter, serial_glass,
          glass_columns_b, glass_columns_a, glass_columns_a, glass_columns_c,
          first_bread, uniq_jessica
D:4:      minmay_temple_entry_glass
D:5:      grunt_temple_overflow_bloody_war, vehumet_crystals,
          wad_floor_pattern_untrapped, uniq_eustachio
D:6:      yredelemnul_altar_generic, serial_curves, eino_curves_03,
          eino_curves_03
D:7:      kennysheep_generic_room_9

Table legend:
 A = Turns spent in this place as a percentage of turns spent in the entire game.
 B = Non-inter-level travel turns spent in this place as a percentage of non-inter-level travel turns spent in the entire game.
 C = Inter-level travel turns spent in this place as a percentage of turns spent in this place.
 D = Turns resting spent in this place as a percentage of non-inter-level travel turns spent in this place.
 E = Turns spent auto-exploring this place as a percentage of non-inter-level travel turns spent in this place.
 F = Non-inter-level travel turns spent in this place divided by the number of levels of this place that you've seen.
                   A       B       C       D       E      F
               +-------+-------+-------+-------+-------+----------------------
         Total | 100.0 | 100.0 |   0.5 |   3.7 |   8.1 | 331.4
       Dungeon | 100.0 | 100.0 |   0.5 |   3.7 |   8.1 | 331.4
               +-------+-------+-------+-------+-------+----------------------

Table legend:
 A = Kills in this place as a percentage of kills in entire the game.
 B = Kills by you in this place as a percentage of kills by you in the entire game.
 C = Kills by friends in this place as a percentage of kills by friends in the entire game.
 D = Other kills in this place as a percentage of other kills in the entire game.
 E = Experience gained in this place as a percentage of experience gained in the entire game.
 F = Experience gained in this place divided by the number of levels of this place that you have seen.
                   A       B       C       D       E      F
               +-------+-------+-------+-------+-------+----------------------
         Total | 100.0 | 100.0 | 100.0 |  -nan | 100.0 | 442.3
       Dungeon | 100.0 | 100.0 | 100.0 |  -nan | 100.0 | 442.3
               +-------+-------+-------+-------+-------+----------------------
